 Dungeon Crawl Stone Soup version 0.30.1-6-gbe392663c4 (webtiles) character file.

Game seed: 6409232926374897799

28 Kurtz the Chopper (level 3, 0/23 HPs)
             Began as a Tengu Fighter on Sept 21, 2023.
             Slain by a jackal (2 damage)
             ... on level 2 of the Dungeon.
             The game lasted 00:00:21 (799 turns).

Kurtz the Chopper (Tengu Fighter)                    Turns: 799, Time: 00:00:22

Health: 0/23       AC:  6    Str: 18    XL:     3   Next: 12%
Magic:  4/4        EV:  9    Int:  8    God:
Gold:   31         SH:  4    Dex: 13    Spells: 2/2 levels left

rFire   . . .        a - +0 war axe
rCold   . . .        c - +0 buckler
rNeg    . . .        b - +0 scale mail
rPois   .            (helmet restricted)
rElec   .            (no cloak)
rCorr   .            (no gloves)
SInv    .            (boots unavailable)
Will    .....        (no amulet) Stlth
                     (no ring)
HPRegen 0.23/turn    (no ring)
MPRegen 0.09/turn

%: no passive effects
@: no status effects
A: beak, talons 3
a: no special abilities


You were on level 2 of the Dungeon.
You visited 1 branch of the dungeon, and saw 2 of its levels.

You collected 31 gold pieces.

Inventory:

Hand Weapons
 a - a +0 war axe (weapon)
Armour
 b - a +0 scale mail (worn)
 c - a +0 buckler (worn)
Wands
 k - a wand of paralysis (11)
Scrolls
 e - a scroll of amnesia {unknown}
 f - 3 scrolls of identify {unknown}
 g - a scroll of immolation {unknown}
 h - a scroll of poison {unknown}
 j - a scroll of fog {unknown}
Potions
 d - a potion of might
 i - a potion of heal wounds {unknown}


   Skills:
 - Level 3.0 Fighting
 * Level 3.9 Axes
 - Level 3.2 Armour
 - Level 3.0 Shields


You had 2 spell levels left.
You didn't know any spells.
Your spell library contained the following spells:

 Spells                   Type           Power      Damage    Failure   Level
 Scorch                   Fire           0%         2d5       95%         2
 Sublimation of Blood     Necr           0%         N/A       95%         2
 Flame Wave               Conj/Fire      0%         2d4       100%        4
 Olgreb's Toxic Radiance  Pois           0%         N/A       100%        4
 Petrify                  Tmut/Erth      0%         N/A       100%        4
 Irradiate                Conj/Tmut      0%         3d11      100%        5
 Summon Cactus Giant      Summ           0%         N/A       100%        6
 Discord                  Hex            0%         N/A       100%        8
 Ignition                 Fire           0%         3d3       100%        8


Dungeon Overview and Level Annotations

Branches:
Dungeon (2/15)

Altars:


Innate Abilities, Weirdness & Mutations

You have a beak for a mouth.
You have claws for feet.


Message History

A jackal comes into view.
Found a stone staircase leading up.
The jackal barks!
A hobgoblin comes into view.
The jackal barely misses you.
Unknown command.
There are monsters nearby!
You closely miss the jackal.
The hobgoblin shouts!
You peck the jackal, but do no damage.
You hear a shout!
The jackal bites you but does no damage.
A jackal comes into view.
The jackal closely misses you.
You slash the worm! You claw the worm. You peck the worm, but do no damage.
The worm is severely wounded.
You hit the jackal but do no damage. You barely miss the jackal.
The jackal bites you. You block the jackal's attack.
The jackal barely misses you.
There are monsters nearby!
You slash the worm!
You kill the worm!
You slash the jackal!
You kill the jackal!
You closely miss the jackal. You barely miss the jackal.
The jackal bites you. x2
The hobgoblin throws a stone.
The stone hits you but does no damage.
The jackal bites you but does no damage.
The jackal bites you.
* * * LOW HITPOINT WARNING * * *
You have reached level 3!
Your experience leads to an increase in your attributes!
Increase (S)trength, (I)ntelligence, or (D)exterity?
You feel stronger. x2
The jackal barely misses you. The jackal bites you.
* * * LOW HITPOINT WARNING * * *
You block the jackal's attack. The jackal attacks as you move away!
The jackal bites you.
* * * LOW HITPOINT WARNING * * *
The jackal attacks as you move away! The jackal bites you.
You die...

#######..†#########
##..........###
##########...#####
###.....# .
###..##### #.#####
###........#
.......##..).......#
.........).........#
.....w†h@).........#
<...g.†h...#########
.....h..####
.......## #...###
... .. .


You could see a worm, 3 jackals and a hobgoblin.

Vanquished Creatures
  A worm (D:2)
  A dart slug (D:2)
  2 endoplasms (D:1)
  3 giant cockroaches
  4 goblins
  2 hobgoblins (D:1)
  A jackal (D:2)
  A ball python (D:1)
  2 frilled lizards (D:1)
  3 kobolds
  A rat (D:2)
21 creatures vanquished.

Notes
Turn   | Place    | Note
-------+----------+-------------------------------------------
     0 | D:1      | Kurtz the Tengu Fighter began the quest for the Orb.
     0 | D:1      | Reached XP level 1. HP: 14/14 MP: 2/2
   209 | D:1      | Reached XP level 2. HP: 15/19 MP: 3/3
   798 | D:2      | Reached XP level 3. HP: 5/23 MP: 4/4
   799 | D:2      | Slain by a jackal

Illustrated notes

Levels and vault maps discovered:
D:1:      minmay_arrival_radiant_lines, layout_basic
D:2:      layout_rooms, chequers_serial_rivers_large_b, kennysheep_minor_cross,
          roderic_roman_lattice

Skill      XL: |  1 |
---------------+----+-----
Axes           | 3 |  3.9
Fighting       | |  3.0
Armour         | |  3.2
Shields        | |  3.0

Action                     || total
---------------------------++-------
  Melee: War axe           ||    38
         Kick              ||    10
         Peck              ||     7
 Armour: Scale mail        ||    15
  Dodge: Dodged            ||    15
  Block: Buckler           ||     5
